 Dungeon Crawl Stone Soup version 0.26-a0-362-g1d9a9cd4fa (webtiles) character file.

Game seed: 11492593472228410863

77 BritishOli the Skirmisher (level 4, -1/35 HPs)
             Began as a Demonspawn Fighter on July 18, 2020.
             Slain by Crazy Yiuf
             ... wielding a +3 quarterstaff of chaos
              (12 damage)
             ... on level 2 of the Dungeon.
             The game lasted 00:01:02 (1948 turns).

BritishOli the Skirmisher (Demonspawn Fighter)      Turns: 1948, Time: 00:01:02

Health: -1/35      AC:  8    Str: 17    XL:     4   Next: 13%
Magic:  4/4        EV:  7    Int: 10    God:
Gold:   108        SH: 14    Dex: 12    Spells: 3/3 levels left

rFire    . . .     SeeInvis .   a - +0 long sword
rCold    . . .     Faith    .   c - +0 kite shield
rNeg     . . .     Spirit   .   b - +0 scale mail
rPois    .         Reflect  +   (helmet restricted)
rElec    .         Harm     .   (no cloak)
rCorr    .                      (no gloves)
MR       .....                  (no boots)
Stlth    ..........             p - amulet of reflection
HPRegen  0.11/turn              n - ring of flight
MPRegen  0.09/turn              (no ring)

@: lethally poisoned (-1 -> -7)
A: horns 1, icy blue scales 1
a: Evoke Flight


You were on level 2 of the Dungeon.
You visited 1 branch of the dungeon, and saw 2 of its levels.

You collected 108 gold pieces.

Inventory:

Hand Weapons
 a - a +0 long sword (weapon)
Armour
 b - a +0 scale mail (worn)
 c - a +0 kite shield (worn)
Jewellery
 n - a ring of flight (left hand)
 p - an amulet of reflection (around neck)
Scrolls
 e - 4 scrolls of fear {unknown}
 f - a scroll of enchant weapon {unknown}
 g - 3 scrolls of blinking {unknown}
 h - 2 scrolls of teleportation {unknown}
 l - a scroll of immolation {unknown}
 m - 3 scrolls of identify {unknown}
 o - a scroll of fog {unknown}
Potions
 d - a potion of might
 i - a potion of brilliance {unknown}
 j - a potion of mutation {unknown}
 k - a potion of lignification {unknown}


   Skills:
 + Level 3.5 Fighting
 + Level 2.4 Long Blades
 + Level 3.2 Armour
 + Level 3.3 Shields


You had 3 spell levels left.
You didn't know any spells.
Your spell library was empty.

Dungeon Overview and Level Annotations

Branches:
Dungeon (2/15)

Altars:

Annotations:
D:2 Crazy Yiuf


Innate Abilities, Weirdness & Mutations

You have a pair of small horns on your head.
You are partially covered in icy blue scales. (AC +2)


Message History

You feel sick.
Crazy Yiuf screams, "Adder!"
Crazy Yiuf closely misses you.
You riposte.
You closely miss Crazy Yiuf.
Crazy Yiuf is heavily wounded.
You closely miss Crazy Yiuf.
You headbutt Crazy Yiuf, but do no damage.
Crazy Yiuf is heavily wounded.
You block Crazy Yiuf's attack.
Crazy Yiuf hits you with a +3 quarterstaff of chaos.
You hit Crazy Yiuf.
Crazy Yiuf is severely wounded.
You feel sick. Crazy Yiuf barely misses you.
You riposte.
You barely miss Crazy Yiuf.
Crazy Yiuf is severely wounded.
You hit Crazy Yiuf.
Crazy Yiuf is severely wounded.
You feel sick.
Crazy Yiuf hits you with a +3 quarterstaff of chaos!
You are electrocuted!
You die...

.................................
##..####.########.###.##.........
....####.# #.# #.##.........
##.....### ### ####.........
######## #......... # #.........
########### #### ####+####.
#........P## ###..)# #####....#.
#.........P####.@g..# #...#.##.#.
........)P..#..##...# ###.#.##.##
...........#.### #### #.#.##.#
.......####### #.#.##.# .......#
#.#)##.## ######## ### ###
#.#.#.... # #.## #.# #.#.#####
#########..# #.# #.#.#
#.......##.# #.# #.#.#


You could see Crazy Yiuf.

Vanquished Creatures
  An adder (D:2)
  An ooze (D:1)
  A worm (D:2)
  3 dart slugs
  An orc (D:2)
  6 bats
  2 giant cockroaches (D:2)
  4 goblins (D:2)
  4 hobgoblins
  11 jackals
  3 kobolds
  2 quokkas (D:2)
  4 frilled lizards
  6 rats
49 creatures vanquished.

Notes
Turn   | Place    | Note
-------+----------+-------------------------------------------
     0 | D:1      | BritishOli the Demonspawn Fighter began the quest for the
                  | Orb.
     0 | D:1      | Reached XP level 1. HP: 18/18 MP: 1/1
   144 | D:1      | Gained mutation: You are partially covered in icy blue
                  | scales. (AC +2) [demonic ancestry]
   144 | D:1      | Reached XP level 2. HP: 19/24 MP: 2/2
   456 | D:1      | Gained mutation: You have a pair of small horns on your
                  | head. [demonic ancestry]
   456 | D:1      | Reached XP level 3. HP: 18/29 MP: 3/3
  1316 | D:2      | Found a runed translucent door.
  1317 | D:2      | Noticed Crazy Yiuf
  1586 | D:2      | Reached XP level 4. HP: 35/35 MP: 4/4
  1948 | D:2      | Slain by Crazy Yiuf

Illustrated notes

Levels and vault maps discovered:
D:1:      roderic_crossed_star, layout_loops_ring, st_stairs_10
D:2:      layout_basic, uniq_crazy_yiuf_cottage

Skill      XL: |  1  2 |
---------------+-------+-----
Long Blades    | 2 |  2.4
Shields        | 3 |  3.3
Armour         | 3 |  3.2
Fighting       | |  3.5

Action                   |  1- 3 |  4- 6 || total
-------------------------+-------+-------++-------
Melee: Long sword        |   132 |    15 ||   147
       Headbutt          |    19 |     2 ||    21
Armor: Scale mail        |   101 |     3 ||   104
Dodge: Dodged            |    43 |     2 ||    45
Block: Kite shield       |    90 |     6 ||    96
       Rpst.: Long sword |    13 |     2 ||    15

Table legend:
 A = Non-vault XP
 B = Vault XP
 C = Vault XP percentage of total XP
 D = Non-vault monster count
 E = Vault monster count
 F = Vault count percentage of total count
                 A         B        C        D         E       F
            +---------+---------+-------+---------+---------+-------
      Total |     104 |       6 |   5.5 |      47 |       2 |   4.1
            +---------+---------+-------+---------+---------+-------
        D:1 |      42 |       6 |  12.5 |      20 |       2 |   9.1
        D:2 |      62 |       0 |   0.0 |      27 |       0 |   0.0
            +---------+---------+-------+---------+---------+-------
